Workbook
Name AbaDeprec: '5. Depreciação'!$A$1
Name AbaRemun: '6.Remuneração de capital'!$A$1
Name número: #REF!
Name x: #REF!

Sheet Transporte RSU - Rejeito
A1: PLANILHA DE COMPOSIÇÃO DE CUSTOS E FORMAÇÃO DE PREÇO
A2: Nº do processo: | B2: Licitação nº: | E2: Dia: | F2: 46059
A3: 3. Transporte de Resíduos Sólidos Urbanos (Rejeito)
A5: Orçamento Sintético
A6: Formas de Tributação | B6: LUCRO REAL | D6: LUCRO PRESUMIDO | F6: SIMPLES NAC.
A7: =A41 -> 1. Mão-de-obra | B7: =+F114 -> 23904.882 | C7: =SUM(C8:C13) -> 0.14804991 | D7: =B7 -> 23904.882 | E7: =SUM(E8:E13) -> 0.15749362 | F7: =F115 -> 18912.268 | G7: =SUM(G8:G13) -> 0.12012675
A8: 1.1. Motoristas Turno do Dia (transporte rejeito) | B8: =F55 -> 13356.37 | C8: =IFERROR(B8/$B$26,0) -> 0.082719897 | D8: =B8 -> 13356.37 | E8: =IFERROR(D8/$D$26,0) -> 0.087996378 | F8: =F61 -> 10300.04 | G8: =IFERROR(F8/$F$26,0) -> 0.065423689
A9: 1.2 Encarregado da operação de transporte | B9: =F77 -> 8461.6943 | C9: =IFERROR(B9/$B$26,0) -> 0.052405744 | D9: =B9 -> 8461.6943 | E9: =IFERROR(D9/$D$26,0) -> 0.055748566 | F9: =F83 -> 6525.4103 | G9: =IFERROR(F9/$F$26,0) -> 0.041448034
A10: =A86 -> 1.3. Vale Transporte | B10: =F92 -> 493.518 | C10: =IFERROR(B10/$B$26,0) -> 0.0030565011 | D10: =B10 -> 493.518 | E10: =IFERROR(D10/$D$26,0) -> 0.0032514671 | F10: =D10 -> 493.518 | G10: =IFERROR(F10/$F$26,0) -> 0.0031347225
A11: =A94 -> 1.4. Vale-refeição (diário) | B11: =F100 -> 1185.6 | C11: =IFERROR(B11/$B$26,0) -> 0.007342767 | D11: =B11 -> 1185.6 | E11: =IFERROR(D11/$D$26,0) -> 0.0078111425 | F11: =D11 -> 1185.6 | G11: =IFERROR(F11/$F$26,0) -> 0.0075306818
A12: =A102 -> 1.5. Auxílio Alimentação (mensal) | B12: =F106 -> 331.2 | C12: =IFERROR(B12/$B$26,0) -> 0.0020512183 | D12: =B12 -> 331.2 | E12: =IFERROR(D12/$D$26,0) -> 0.00218206 | F12: =D12 -> 331.2 | G12: =IFERROR(F12/$F$26,0) -> 0.0021037127
A13: =A109 -> 1.6. Seguro de vida | B13: =F112 -> 76.5 | C13: =IFERROR(B13/$B$26,0) -> 0.00047378684 | D13: =B13 -> 76.5 | E13: =IFERROR(D13/$D$26,0) -> 0.00050400843 | F13: =D13 -> 76.5 | G13: =IFERROR(F13/$F$26,0) -> 0.00048591191
A14: =A117 -> 2. Uniformes e Equiptos. Proteção Individual | B14: =+F138 -> 2967.48 | C14: =IFERROR(B14/$B$26,0) -> 0.01837847 | D14: =B14 -> 2967.48 | E14: =IFERROR(D14/$D$26,0) -> 0.019550784 | F14: =D14 -> 2967.48 | G14: =IFERROR(F14/$F$26,0) -> 0.018848809
A15: =A140 -> 3. Veículos e Equipamentos | B15: =+F223 -> 94264.489 | C15: =IFERROR(B15/$B$26,0) -> 0.58380751 | D15: =B15 -> 94264.489 | E15: =IFERROR(D15/$D$26,0) -> 0.62104703 | F15: =D15 -> 94264.489 | G15: =IFERROR(F15/$F$26,0) -> 0.59874821
A16: =A142 -> 3.1. Depreciação | B16: =F157 -> 13451.555 | C16: =IFERROR(B16/$B$26,0) -> 0.083309409 | D16: =B16 -> 13451.555 | E16: =IFERROR(D16/$D$26,0) -> 0.088623493 | F16: =D16 -> 13451.555 | G16: =IFERROR(F16/$F$26,0) -> 0.085441449
A17: =A159 -> 3.2. Remuneração do Capital | B17: =F174 -> 21876.525 | C17: =IFERROR(B17/$B$26,0) -> 0.13548771 | D17: =B17 -> 21876.525 | E17: =IFERROR(D17/$D$26,0) -> 0.14413011 | F17: =D17 -> 21876.525 | G17: =IFERROR(F17/$F$26,0) -> 0.13895509
A18: =A177 -> 3.3. Impostos e Seguros e outros | B18: =F185 -> 3070.8783 | C18: =IFERROR(B18/$B$26,0) -> 0.019018846 | D18: =B18 -> 3070.8783 | E18: =IFERROR(D18/$D$26,0) -> 0.020232008 | F18: =D18 -> 3070.8783 | G18: =IFERROR(F18/$F$26,0) -> 0.019505573
A19: =A187 -> 3.4. Consumos | B19: =F204 -> 29437.46 | C19: =IFERROR(B19/$B$26,0) -> 0.18231479 | D19: =B19 -> 29437.46 | E19: =IFERROR(D19/$D$26,0) -> 0.19394416 | F19: =D19 -> 29437.46 | G19: =IFERROR(F19/$F$26,0) -> 0.18698056
A20: =A207 -> 3.6. Manutenção | B20: =F213 -> 14688 | C20: =IFERROR(B20/$B$26,0) -> 0.090967073 | D20: =B20 -> 14688 | E20: =IFERROR(D20/$D$26,0) -> 0.096769619 | F20: =D20 -> 14688 | G20: =IFERROR(F20/$F$26,0) -> 0.093295087
A21: =A215 -> 3.7. Pneus | B21: =F221 -> 11740.07 | C21: =IFERROR(B21/$B$26,0) -> 0.072709684 | D21: =B21 -> 11740.07 | E21: =IFERROR(D21/$D$26,0) -> 0.07734764 | F21: =D21 -> 11740.07 | G21: =IFERROR(F21/$F$26,0) -> 0.074570458
A22: =A225 -> 4. Ferramentas e Materiais de Consumo | B22: =+F233 -> 37.645 | C22: =IFERROR(B22/$B$26,0) -> 0.00023314648 | D22: =B22 -> 37.645 | E22: =IFERROR(D22/$D$26,0) -> 0.00024801827 | F22: =D22 -> 37.645 | G22: =IFERROR(F22/$F$26,0) -> 0.00023911312
A23: =A238 -> 5. Benefícios e Desp. Ind. - BDI - LUCRO REAL | B23: =+F244 -> 40290.52 | C23: =IFERROR(B23/$B$26,0) -> 0.24953096
A24: =A252 -> 6. Benefícios e Desp. Ind. - BDI - LUCRO PRESUMIDO | D24: =F258 -> 30608.678 | E24: =IFERROR(D24/$D$26,0) -> 0.20166055
A25: =A266 -> 7. Benef. Desp. Ind. + Impostos - SIMPLES NACIONAL | F25: =F272+F283 -> 41254.061 | G25: =IFERROR(F25/$F$26,0) -> 0.26203712
A26: PREÇO TOTAL MENSAL COM A COLETA | B26: =B7+B14+B15+B22+B23 -> 161465.02 | C26: =C7+C14+C15+C22+C23 -> 1 | D26: =D7+D14+D15+D22+D24 -> 151783.17 | E26: =E7+E14+E15+E22+E24 -> 1 | F26: =F7+F14+F15+F22+F25 -> 157435.94 | G26: =G7+G14+G15+G22+G25 -> 1
A27: PREÇO UNITÁRIO POR TONELADA | B27: =F250 -> 129.17201 | D27: =F264 -> 121.42654 | F27: =F292 -> 125.94875
A29: Quantitativos
A30: Mão-de-obra | D30: Quantidade | E30: Salário
A31: 1.1. Motoristas Turno do Dia - caminhão bitrem | B31: Sindirodoviários | D31: 2 | E31: 2967.35
A32: 1.2 Encarregado de operações | B32: Sindirodoviários | D32: 1 | E32: 3000
A33: Total de mão-de-obra (postos de trabalho) | D33: =SUM(D31:D32) -> 3
A35: Veículos e Equipamentos | E35: Quantidade | G35: Valores unitários
A36: 3.1 caminhão bitruck motor a diesel , tipo 6 x 2 , potência 320 cv 48 tonerladas | E36: 2 | G36: 658253
A37: 3.2 Sistema roll on roll off, capacidade mínima de 35m3 | E37: 2 | G37: 170000
A38: 3.3 Reboque Julieta truck, três eixos | E38: 2 | G38: 170000
A39: 3.4 Conteineres metálicos capacidade de no mínimo 35 m3 | E39: 8 | G39: =60000*4 -> 240000
A40: Fator de utilização (FU) | B40: 1 | C40: Equipe e Equipamentos de Transporte
A41: 1. Mão-de-obra
A42: 1.1. Motoristas Turno do Dia (transporte rejeito) - EMPRESA DO LUCRO REAL E PRESUMIDO
A43: Discriminação | B43: Unidade | C43: Quantidade | D43: Custo unitário | E43: Subtotal | F43: Total (R$)
A44: Piso da categoria (2) | B44: mês | C44: 1 | D44: =E31 -> 2967.35 | E44: =C44*D44 -> 2967.35
A45: Salário mínimo nacional (1) | B45: mês | C45: 1 | D45: 1621
A46: Horas Extras (100%) | B46: hora | C46: 8 | D46: =D44/220*2 -> 26.975909 | E46: =C46*D46 -> 215.80727
A47: Horas Extras (50%) | B47: hora | D47: =D44/220*1.5 -> 20.231932 | E47: =C47*D47 -> 0
A48: Descanso Semanal Remunerado (DSR) - hora extra | B48: R$ | D48: =64/301*(SUM(E46:E47)) -> 45.885932 | E48: =D48 -> 45.885932
A49: Base de cálculo da Insalubridade | C49: 1
A50: Adicional de Insalubridade | B50: % | C50: 40 | D50: =D45 -> 1621 | E50: =C50*D50/100 -> 648.4
A51: Soma | E51: =SUM(E44:E50) -> 3877.4432
A52: Encargos Sociais | B52: % | C52: 72.23166 | D52: =E51 -> 3877.4432 | E52: =D52*C52/100 -> 2800.7416
A53: Total | E53: =E51+E52 -> 6678.1848
A54: Total do Efetivo | B54: Funcionário | C54: =D31 -> 2 | D54: =E53 -> 6678.1848 | E54: =C54*D54 -> 13356.37
D55: Fator de utilização | E55: =$B$40 -> 1 | F55: =E54*E55 -> 13356.37
A57: 1.1.1- Motorista Turno Dia - EMPRESA SIMPLES NACIONAL
A58: Encargos Sociais | B58: % | C58: 32.82 | D58: =E51 -> 3877.4432 | E58: =D58*C58/100 -> 1272.5769
A59: Total | E59: =E51+E58 -> 5150.0201
A60: Total do Efetivo | B60: =B54 -> Funcionário | C60: =C54 -> 2 | D60: =E59 -> 5150.0201 | E60: =C60*D60 -> 10300.04
D61: Fator de utilização | E61: =$B$40 -> 1 | F61: =E60*E61 -> 10300.04
A63: 1.2. Encaregado de Operações de transporte - EMPRESA DO LUCRO REAL E PRESUMIDO
A64: Discriminação | B64: Unidade | C64: Quantidade | D64: Custo unitário | E64: Subtotal | F64: Total (R$)
A65: Piso da categoria (2) | B65: mês | C65: 1 | D65: =E32 -> 3000 | E65: =C65*D65 -> 3000
A66: Salário mínimo nacional (1) | B66: mês | C66: 1 | D66: =D45 -> 1621
A67: Horas Extras (100%) | B67: hora | C67: 8 | D67: =D65/220*2 -> 27.272727 | E67: =C67*D67 -> 218.18182
A68: Horas Extras (50%) | B68: hora | D68: =D65/220*1.5 -> 20.454545 | E68: =C68*D68 -> 0
A69: Descanso Semanal Remunerado (DSR) - hora extra | B69: R$ | D69: =64/301*(SUM(E67:E68)) -> 46.390818 | E69: =D69 -> 46.390818
A70: Base de cálculo da Insalubridade | C70: 1
A71: Adicional de Insalubridade | B71: % | C71: 40 | D71: =D66 -> 1621 | E71: =C71*D71/100 -> 648.4
A72: Adicional de sobreaviso e coordenação | E72: 1000
A73: Soma | E73: =SUM(E65:E72) -> 4912.9726
A74: Encargos Sociais | B74: % | C74: 72.23166 | D74: =E73 -> 4912.9726 | E74: =D74*C74/100 -> 3548.7217
A75: Total | E75: =E73+E74 -> 8461.6943
A76: Total do Efetivo | B76: Funcionário | C76: 1 | D76: =E75 -> 8461.6943 | E76: =C76*D76 -> 8461.6943
D77: Fator de utilização | E77: =$B$40 -> 1 | F77: =E76*E77 -> 8461.6943
A79: 1.2.1- Operador de máquina escavadeira Turno Dia - EMPRESA SIMPLES NACIONAL
A80: Encargos Sociais | B80: % | C80: 32.82 | D80: =E73 -> 4912.9726 | E80: =D80*C80/100 -> 1612.4376
A81: Total | E81: =E73+E80 -> 6525.4103
A82: Total do Efetivo | B82: =B76 -> Funcionário | C82: =C76 -> 1 | D82: =E81 -> 6525.4103 | E82: =C82*D82 -> 6525.4103
D83: Fator de utilização | E83: =$B$40 -> 1 | F83: =E82*E83 -> 6525.4103
A86: 1.3. Vale Transporte
A87: Discriminação | B87: Unidade | C87: Quantidade | D87: Custo unitário | E87: Subtotal | F87: Total (R$)
A88: Vale Transporte | B88: R$ | C88: 1 | D88: 6.6
A89: Dias Trabalhados por mês | B89: dia | C89: 26
A90: Motorista (Vlr líq. desc. 6,% s/piso sal.)cfe. Lei Federal 7.418-1985 | B90: vale | C90: =$C$89*2*(C54) -> 104 | D90: =IFERROR((($C$89*2*$D$88)-(E31*0.06*C89/C89))/($C$89*2),"-") -> 3.1761346 | E90: =IFERROR(C90*D90,"-") -> 330.318 | G90: 26 dias dois vales dois funcionários
A91: Encarregado de operações - (Vlr líq. desc. 6,% s/piso sal.)cfe. Lei Federal 7.418-1985 | B91: vale | C91: =C89*2*1 -> 52 | D91: =IFERROR((($C$89*2*$D$88)-(E32*0.06*C91/C91))/($C$89*2),"-") -> 3.1384615 | E91: =C91*D91 -> 163.2
F92: =E90+E91 -> 493.518
A94: 1.4. Vale-refeição (diário)
A95: Discriminação | B95: Unidade | C95: Quantidade | D95: Custo unitário | E95: Subtotal | F95: Total (R$)
A96: Motorista | B96: unidade | C96: =C89*(D31) -> 52 | D96: 19 | E96: =C96*D96 -> 988
A97: Desconto previsto na CCT | B97: % | C97: 0.2 | D97: =-D96*C97 -> -3.8 | E97: =D97*C96 -> -197.6
A98: Encrregado de operações transporte | C98: =C89*D32 -> 26 | D98: 19 | E98: =C98*D98 -> 494
A99: Desconto previsto na CCT | C99: 0.2 | D99: =-(D98*0.2) -> -3.8 | E99: =C98*D99 -> -98.8
F100: =SUM(E96:E99) -> 1185.6
A102: 1.5. Auxílio Alimentação (mensal)
A103: Discriminação | B103: Unidade | C103: Quantidade | D103: Custo unitário | E103: Subtotal | F103: Total (R$)
A104: Motorista e encarregado de operações | B104: unidade | C104: =D33 -> 3 | D104: 138 | E104: =C104*D104 -> 414
A105: =+A97 -> Desconto previsto na CCT | B105: % | C105: 0.2 | D105: =-D104*C105 -> -27.6 | E105: =C104*D105 -> -82.8
D106: Fator de utilização | E106: =$B$40 -> 1 | F106: =SUM(E104:E105)*E106 -> 331.2
A109: 1.6. Seguro de vida
A110: Discriminação | B110: Unidade | C110: Quantidade | D110: Custo unitário | E110: Subtotal | F110: Total (R$)
A111: Motorista e encarregado de operações | B111: unidade | C111: =D33 -> 3 | D111: 25.5 | E111: =C111*D111 -> 76.5
F112: =ROUND(SUM(E111:E111),2) -> 76.5
...

Sheet Pneus
A3: Quantidade total de pneus do veículo | B3: 22
A4: Quantidade de pneus com vida útil superior | B4: 8
A5: % que estes pneus representam na qtde. total de pneus | B5: =B4/B3 -> 0.36363636
A6: Metade desta representação %, por ser somente em viagens de retorno | B6: =B5/2 -> 0.18181818
A8: Vida útil "normal" em Km de todo o conjunto de pneus | B8: 70000
A9: Acréscimo de vida útil (18,18%) | B9: =B8*B6 -> 12727.273
A10: Vida útil em Km do conjunto de pneus, acrescido de 18,18% | B10: =B8+B9 -> 82727.273

Sheet Lavagem unif.
A1: CUSTO COM LAVAGEM UNIFORMES - Motoristas
A2: Descrição | B2: Dias uso s/lavar (dias) | C2: Fator de utilização (% ano) | D2: Unid. | E2: Qtde. p/Func. | F2: Qtde. Lavagens mês | G2: Total pçs. Lavadas mês | H2: Peso Gramas p/pç | I2: Peso mensal Kg | J2: Custo Mensal
A3: Camisetas | B3: 1 | C3: =12/12 -> 1 | D3: pç | E3: 20 | F3: =21/(E3*B3) -> 1.05 | G3: =E3*F3*C3 -> 21 | H3: 150 | I3: =(G3*H3)/1000 -> 3.15 | J3: =I3*B$9 -> 37.8
A4: Calça | B4: 1 | C4: =12/12 -> 1 | D4: pç | E4: 10 | F4: =21/(E4*B4) -> 2.1 | G4: =E4*F4*C4 -> 21 | H4: 500 | I4: =(G4*H4)/1000 -> 10.5 | J4: =I4*B$9 -> 126
A5: Boné | B5: 6 | C5: =12/12 -> 1 | D5: pç | E5: 4 | F5: =21/(E5*B5) -> 0.875 | G5: =E5*F5*C5 -> 3.5 | H5: 30 | I5: =(G5*H5)/1000 -> 0.105 | J5: =I5*B$9 -> 1.26
A6: Jaqueta (usa cinco meses) | B6: 3 | C6: =5/12 -> 0.41666667 | D6: pç | E6: 4 | F6: =21/(E6*B6) -> 1.75 | G6: =E6*F6*C6 -> 2.9166667 | H6: 400 | I6: =(G6*H6)/1000 -> 1.1666667 | J6: =I6*B$9 -> 14
I7: =SUM(I3:I6) -> 14.921667 | J7: =SUM(J3:J6) -> 179.06
A9: Preço da lavagem por Kg | B9: 12

Sheet Feriados
A1: FERIADOS NACIONAIS, ESTADUAIS E MUNICIPAIS
A2: Nacionais / Estaduais | B2: =SUM(B3:B14) -> 12
A3: 01/01 - Confraternização Universal | B3: 1
A4: 21/04 - Tiradentes | B4: 1
A5: 01/05 - Dia do Trabalho | B5: 1
A6: Variável - Sexta feira Santa | B6: 1
A7: Variável - Corpus Cristhi | B7: 1
A8: 07/09 - Independência do Brasil | B8: 1
A9: 20/09 - Revolução Farroupilha | B9: 1
A10: 12/10 - Nossa Senhora Aparecida | B10: 1
A11: 02/11 - Finados | B11: 1
A12: 15/11 - Proclamação da República | B12: 1
A13: 20/11 - Dia da consciência negra | B13: 1
A14: 25/12 - Natal | B14: 1
A15: Municipais | B15: =B16+B17 -> 2
A16: 20/01 - São Sebastião Mártir | B16: 1
A17: 25/07 - Dia do Colono e Motorista | B17: 1
A18: Sub-Total | B18: =B2+B15 -> 14
A19: Coincidências com domingos (média) | B19: 1
A20: Total feriados a considerar | B20: =B18-B19 -> 13

Sheet Encargos Simples
A1: Encargos Sociais - Simples Nacional
A2: Descrição | B2: Valor %
A3: FGTS | B3: 0.08
A4: Férias (com adicional de férias) | B4: 0.1111
A5: 13º Salário | B5: 0.0833
A6: Provisão Multas FGTS (40% s/FGTS) | B6: 0.032
A7: Previdenciários s/Férias e 13º | B7: =(B4+B5)*(B3+B6) -> 0.0217728
A8: Total | B8: =SUM(B3:B7) -> 0.3281728

Sheet 2.Encargos Sociais
A1: 2. Composição dos Encargos Sociais
A2: Código | B2: Descrição | C2: Valor | D2: Bases legais em 2025 e metodologia TCE-RS orientação técnica resíduos sólidos 2019
A3: A1 | B3: INSS | C3: 0.2 | D3: artigo 22 inciso I da lei 8.212-1991
A4: A2 | B4: SESI | C4: 0.015 | D4: artigo 30 da lei 8.036-1990 e artigo primeiro da lei 8.154-1990
A5: A3 | B5: SENAI | C5: 0.01 | D5: artigo primeiro decreto lei 6.246-1944 (SENAC) e artigo 4o. Decreto lei 8.621-1946 (SENAI) - decreto lei 2.318-1986
A6: A4 | B6: INCRA | C6: 0.002 | D6: artigo primeiro inciso I e artigo terceiro do decreto lei 1.146-1970
A7: A5 | B7: SEBRAE | C7: 0.006 | D7: artigo 8o. Da lei 8.029 de 1990, alterado pela lei 8.154-1990
A8: A6 | B8: Salário educação | C8: 0.025 | D8: artigo terceiro indico I do decreto 87.043-1982
A9: A7 | B9: Seguro contra acidentes de trabalho | C9: 0.03 | D9: artigo 19 a 23 da lei 8.212-1991
A10: A8 | B10: FGTS | C10: 0.08 | D10: de acordo com a atividade preponderante da empresa-artigo 15 da lei 8.036-1990
A11: A | B11: SOMA GRUPO A | C11: =SUM(C3:C10) -> 0.368
A13: B1 | B13: Férias gozadas | C13: 0.0657 | D13: cálculo (1/12)acrescido de 1/3
A14: B2 | B14: 13º salário | C14: 0.0833 | D14: cálculo 1/12
A15: B3 | B15: Licença Paternidade | C15: 0.0006 | D15: definido pela incidência nessa atividade - Ministério do Trabalho
A16: B4 | B16: Faltas justificadas | C16: 0.0082 | D16: definido pela incidência nessa atividade - Ministério do Trabalho
A17: B5 | B17: Auxilio acidente de trabalho | C17: 0.0031 | D17: definido pela incidência nessa atividade - Ministério do Trabalho
A18: B6 | B18: Auxilio doença | C18: 0.0166
A19: B | B19: SOMA GRUPO B | C19: =SUM(C13:C18) -> 0.1775
A21: C1 | B21: Aviso prévio indenizado | C21: 0.029 | D21: cálculo 7 dias para 30 dias
A22: C2 | B22: Férias indenizadas | C22: 0.0454
A23: C3 | B23: Férias indenizadas s/ aviso previo inden. | C23: =C21*C22 -> 0.0013166
A24: C4 | B24: Depósito rescisão sem justa causa | C24: 0.0315 | D24: corresponde a multa do FGTS de 40%
A25: C5 | B25: Indenização adicional | C25: 0.002
A26: C | B26: SOMA GRUPO C | C26: =SUM(C21:C25) -> 0.1092166
A28: D1 | B28: Reincidência de Grupo A sobre Grupo B | C28: =ROUND(C11*C19,4) -> 0.0653
A29: D2 | B29: Reincidência de FGTS sobre aviso prévio indenizado | C29: =ROUND((C21*C10),4) -> 0.0023
A30: D | B30: SOMA GRUPO D | C30: =SUM(C28:C29) -> 0.0676
B31: SOMA (A+B+C+D) | C31: =C30+C26+C19+C11 -> 0.7223166
B33: página 71 da orientação técnica TCE-RS

Sheet 4.BDI
A1: B.D.I. PARA EMPRESAS DO LUCRO REAL
A2: Composição BDI - Benefícios e Desp. Indiretas
D4: Referência estudo TCE
D5: 1° Quartil | E5: Médio | F5: 3° Quartil
A6: Administração Central | B6: AC | C6: 0.05 | D6: 0.0297 | E6: 0.0508 | F6: 0.0627
A7: Seguros/Riscos/Garantias | B7: SRG | C7: 0.013 | D7: =0.3%+0.56% -> 0.0086 | E7: =0.48%+0.85% -> 0.0133 | F7: =0.82%+0.89% -> 0.0171
A8: Lucro | B8: L | C8: 0.1 | D8: 0.0778 | E8: 0.1085 | F8: 0.1355
A9: Despesas Financeiras | B9: DF | C9: =(1+E9)^(E10/252)-1 -> 0 | D9: i
A10: Tributos - ISS | B10: T | C10: 0.03 | D10: DU
A11: Tributos - PIS/COFINS | C11: 0.0925
A12: Fórmula para o cálculo do BDI:
A13: {[(1+AC+SRG) x (1+L) x (1+DF)] / (1-T)} -1
A14: Resultado do cálculo do BDI: | C14: =ROUND((((1+C6+C7)*(1+C8)*(1+C9))/(1-(C10+C11))-1),4) -> 0.3325 | D14: 0.2143 | E14: 0.2717 | F14: 0.3362
A16: B.D.I. PARA EMPRESAS DO LUCRO PRESUMIDO
A17: Composição BDI - Benefícios e Desp. Indiretas
A19: Administração Central | B19: AC | C19: 0.05
A20: Seguros/Riscos/Garantias | B20: SRG | C20: 0.013
A21: Lucro | B21: L | C21: 0.1
A22: Despesas Financeiras | B22: DF | C22: 0
A23: Tributos - ISS | B23: T | C23: 0.03
A24: Tributos - PIS/COFINS | C24: 0.0365
A25: Fórmula para o cálculo do BDI:
A26: {[(1+AC+SRG) x (1+L) x (1+DF)] / (1-T)} -1
A27: Resultado do cálculo do BDI: | C27: =ROUND((((1+C19+C20)*(1+C21)*(1+C22))/(1-(C23+C24))-1),4) -> 0.2526
A29: B.D.I. PARA EMPRESAS DO SIMPLES NACIONAL
A30: Composição do BDI - Benefícios e Desp. Indiretas - Sem Impostos
A32: Administração Central | B32: AC | C32: 0.05
A33: Seguros/Riscos/Garantias | B33: SRG | C33: 0.013
A34: Lucro | B34: L | C34: 0.1
A35: Despesas Financeiras | B35: DF | C35: 0
A36: Fórmula para o cálculo do BDI - Sem impostos
A37: {[(1+AC+SRG) x (1+L) x (1+DF)]} -1
A38: Resultado cálculo do BDI - Sem impostos | C38: =ROUND((((1+C32+C33)*(1+C34)*(1+C35))-1),4) -> 0.1693
A40: página 89 da orientação técnica do TCE-RS

Sheet 5. Depreciação
A1: 5. Depreciação Referencial TCE/RS (%)
A2: Idade do veículo (ano) | B2: Depreciação Média
A3: 1 | B3: 33.63
A4: 2 | B4: 43.13
A5: 3 | B5: 48.68
A6: 4 | B6: 52.62
A7: 5 | B7: 55
A8: 6 | B8: 58.18
A9: 7 | B9: 60.29
A10: 8 | B10: 62.12
A11: 9 | B11: 63.73
A12: 10 | B12: 65.18
A13: 11 | B13: 66.48
A14: 12 | B14: 67.67
... A17: 15 | B17: 70.73

Sheet 6.Remuneração de capital
A1: 6. Remuneração de Capital
A3: Fórmula de cálculo da remuneração de capital:
A12: Jm = remuneração de capital mensal
A13: i = taxa de juros do mercado (sugere-se adotar a taxa SELIC)
A14: Im = investimento médio
A15: V0 = valor inicial do bem
A16: Vr = valor residual do bem
A17: n = vida útil do bem em anos
A20: teste da fórmula
A21: valor do veículo - Vo | B21: 658253 | C21: 580000
A22: valor residual ( valor do veículo - depreciação) Vr | B22: ='Transporte RSU - Rejeito'!D144-'Transporte RSU - Rejeito'!E147 -> 229203.69 | C22: =580000-'Transporte RSU - Rejeito'!E152 -> 201956
A23: (Vo-Vr) | B23: =B21-B22 -> 429049.31 | C23: =C21-C22 -> 378044
A24: vida util - n | B24: =B25-B26 -> 10 | C24: =C25-C26 -> 10
A25: idade máxima | B25: ='Transporte RSU - Rejeito'!C145 -> 10 | C25: ='Transporte RSU - Rejeito'!C150 -> 10
A26: idade atual | B26: ='Transporte RSU - Rejeito'!C146 -> 0 | C26: ='Transporte RSU - Rejeito'!C151 -> 0
A27: (n+1) | B27: =B24+1 -> 11 | C27: =C24+1 -> 11
A28: (2n) | B28: =2*B24 -> 20 | C28: =2*C24 -> 20
A29: Investimento médio | B29: =(B23*(B27/B28))+B22 -> 465180.81 | C29: =(C23*(C27/C28))+C22 -> 409880.2
A30: taxa | B30: 0.15 | C30: 0.15
A31: Remuneração do capital ( Imx1/12 meses) | B31: =B29*B30/12 -> 5814.7602 | C31: =C29*C30/12 -> 5123.5025
